 Dungeon Sprint DCSS version 0.20.1-1-g8b1a95d (webtiles) character file.

79965 KingStallion the Slayer (level 15, 0/172 HPs)
             Began as a Gargoyle Berserker on Nov 7, 2017.
             Was a High Priest of Trog.
             Slain by a hell beast (9 damage)
             ... in the Dungeon (Sprint II: "The Violet Keep of Menkaure").
             The game lasted 00:51:07 (5153 turns).

KingStallion the Slayer (Gargoyle Berserker)        Turns: 5153, Time: 00:51:08

Health: 0/172      AC: 42    Str: 32    XL:     15   Next: 65%
Magic:  19/22      EV: 14    Int: 10    God:    Trog [*****.]
Gold:   4788       SH:  0    Dex:  9    Spells: 14/14 levels left

rFire    . . .     SeeInvis +   a - +3 lajatang (distort)
rCold    . . .     Gourm    .   (shield currently unavailable)
rNeg     + . .     Faith    +   R - +3 crystal plate armour
rPois    ∞         Spirit   .   p - +0 mask of the Dragon {MR+ Slay+3 SInv}
rElec    +         Reflect  .   N - +0 cloak
rCorr    .         Harm     .   (no gloves)
MR       +++++     NoTele   +   (no boots)
Stlth    ..........             l - amulet of faith
Regen    1.4/turn               O - +4 ring of evasion
MPRegen  0.2/turn               J - ring of stealth

@: berserking (expiring), flying, regenerating, very quick
A: big wings, clever 1, magic resistance 2, negative energy resistance 1,
electricity resistance, unbreathing, petrification resistance, rot immunity, AC
+11
0: Orb of Zot
a: Stop Flying, Berserk, Trog's Hand, Brothers in Arms, Burn Spellbooks,
Renounce Religion


You were in the Dungeon.
You worshipped Trog.
Trog was extremely pleased with you.
You were not hungry.

You visited 1 branch You collected 6174 gold pieces.
You spent 1386 gold pieces at shops.

Inventory:

Hand Weapons
 a - a +3 lajatang of distortion (weapon)
 b - a +7 great mace of holy wrath
 v - a +0 blowgun
 B - a +3 dire flail of crushing
 Y - a +5 lajatang of venom
Missiles
 e - 8 needles of paralysis
 m - 22 curare-tipped needles
 o - 4 javelins of penetration
 w - 3 throwing nets (quivered)
 z - 8 steel tomahawks
 K - 14 poisoned javelins
Armour
 c - a scarf of spirit shield
 p - the +0 mask of the Dragon (worn) {MR+ Slay+3 SInv}
   (You bought it in a shop in the Dungeon)

   It affects your accuracy and damage with ranged weapons and melee attacks
   (+3).
   It affects your resistance to hostile enchantments.
   It lets you see invisible.
 N - a +0 cloak (worn)
 R - a +3 crystal plate armour (worn)
Jewellery
 j - the ring of the Empire {Dex+3 SInv}
   (You acquired it in the Dungeon)

   [ring of dexterity]

   It affects your dexterity (+3).
   It lets you see invisible.
 l - an amulet of faith (around neck)
 F - an uncursed amulet of magic regeneration {unknown}
 J - a ring of stealth (right hand)
 O - a +4 ring of evasion (left hand)
 S - an uncursed ring of positive energy
 T - an uncursed ring of ice
 U - an uncursed ring of ice
 X - the ring of Xom's Supremacy {rC- Int+2 Dex+7}
   (You took it off an orc priest in the Dungeon)

   [ring of intelligence]

   It affects your intelligence (+2).
   It affects your dexterity (+7).
   It makes you vulnerable to cold.
Wands
 f - a wand of acid (0/15)
 A - a wand of iceblast (3/15)
Scrolls
 i - 2 scrolls of blinking
 t - 3 scrolls of remove curse
 u - 6 scrolls of acquirement
 C - 3 scrolls of fog
Potions
 d - 3 potions of curing
 g - 14 potions of magic
 h - a potion of berserk rage
 q - a potion of resistance
 r - a potion of brilliance
 I - 13 potions of haste
 W - 5 potions of mutation
Books
 x - Aqanaeb's Grimoire of Arcane Weapons
   (You found it in the Dungeon)

   Spells                             Type                      Level
   a - Static Discharge               Conjuration/Air              3
   b - Fireball                       Conjuration/Fire             5
   c - Venom Bolt                     Conjuration/Poison           5
   d - Orb of Destruction             Conjuration                  7
   Trog disapproves of the use of such an item.
 M - a book of Ice

   Spells                             Type                      Level
   a - Ice Form                       Ice/Transmutation            4
   b - Metabolic Englaciation         Hexes/Ice                    5
   c - Ozocubu's Refrigeration        Ice                          6
   d - Bolt of Cold                   Conjuration/Ice              6
   e - Freezing Cloud                 Conjuration/Ice/Air          6
   f - Simulacrum                     Ice/Necromancy               6
   Trog disapproves of the use of such an item.
Miscellaneous
 n - a box of beasts
 E - a fan of gales
 P - a lightning rod (4/4)
 V - a phantom mirror
Comestibles
 L - a fruit
 Z - a meat ration


   Skills:
 * Level 21.5 Fighting
 + Level 19.2(20.7) Maces & Flails
 + Level 14.3(18.4) Staves
 * Level 10.8 Throwing
 * Level 19.5 Armour
 + Level 6.7 Dodging
 * Level 17.2 Stealth
   Level 5.2 Shields
 * Level 14.1 Unarmed Combat
 * Level 10.6 Evocations


You had 14 spell levels left.
You didn't know any spells.

Dungeon Overview and Level Annotations

Branches:
Dungeon (1/1)

Altars:
Cheibriados
Dithmenos
Elyvilon
Fedhas
Gozag
Hepliaklqana
Kikubaaqudgha
Makhleb
Nemelex Xobeh
Okawaru
Qazlal
Ru
Sif Muna
Trog
Uskayaw
Vehumet
Xom
Yredelemnul
Zin
The Shining One
Beogh
Jiyva
Lugonu

Shops:
D **[:(*:=:?*?[!==!?([[[}}%!?:!}}=}:}(=

Annotations:
D Murray


Innate Abilities, Weirdness & Mutations

You are resistant to torment.
Your stone body is resilient. (AC +11)
You are immune to poison.
Your large and strong wings let you fly indefinitely.
You resist negative energy. (rN+)
You are resistant to electric shocks. (rElec)
You can survive without breathing.
You are immune to petrification.
You are immune to rotting.
Your mind is acute. (Int +2)
You are highly resistant to hostile enchantments. (MR++)


Message History

You feel your power leaking away.
The emperor scorpion closely misses you.
The emperor scorpion barely misses you.
You cut the greater mummy into ribbons!!!
You destroy the greater mummy!
Trog accepts your kill.
Trog appreciates your killing of a magic user.
You feel extremely nervous for a moment...
You feel a surge of unholy energy.
The emperor scorpion disappears in a puff of smoke! x5
Your life force feels restored.
Your Unarmed Combat skill increases to level 14!
Your crystal plate armour prevents you from hitting the hell beast.
The hell beast bites you but does no damage.
The hell beast closely misses you.
You miss the hell beast. You slice the hell beast!!
Space bends around the hell beast.
The hell beast is moderately wounded.
The hell beast bites you!
You die...

###### # #..|.#
▓▓▓▓▓▓▓▓▓▓▓▓▓▓▓▓▓▓▓▓▓▓▓▓
###|:).##▓....ZW§V§'..♣♣.....♣♣..
#........▓.....▓z2.▓.♣♣..♣...♣♣..
#.......)▓.....▓@▓▓▓.♣♣.^♣♣..♣♣..
##⌠...)#)▓▓▓...▓§§.▓.♣♣..♣♣..♣...
§##...)#..▓▓▓'▓▓▓▓.▓.♣...♣♣..^...
§§##§'##...'...▓...▓.....▓▓▓▓▓▓▓▓
≈##§.[^###.#§..▓▓▓▓▓▓▓▓▓▓▓▓▓▓▓▓▓
##[≈()...#.#...▓≈≈≈≈≈≈≈≈▓▓▓....▓
#####((^.#.##..▓▓▓▓▓▓▓▓▓▓▓▓'▓▓.▓
.#..(....#).#)|▓(......[▓▓...▓.▓
.#=.####.#..#.[▓.[...(..▓▓.⌠.▓.▓


You could see Murray, a hell beast, a hungry ghost and a vampire (invisible).

Vanquished Creatures
  A greater mummy (D)
  2 golden dragons (D)
  An electric golem (D)
  A hellephant (D)
  A deep elf blademaster (D)
  A deep elf master archer (D)
  2 sphinxes (D)
  A kraken (D)
  Gastronok (D)
  Kirke (D)
  A storm dragon (D)
  Roxanne (D)
  A frost giant (D)
  An orc warlord (D)
  A cacodemon (D)
  A draconian shifter (D)
  Nessos (D)
  2 lorocyprocas (D)
  A dire elephant (D)
  A crystal guardian (D)
  A fire dragon (D)
  A yaktaur captain (D)
  A great orb of eyes (D)
  An ice dragon (D)
  An iron elemental (D)
  2 hell hogs (D)
  Sonja (D)
  An iron golem (D)
  A skeletal warrior (D)
  3 sixfirhies (D)
  2 deep trolls (D)
  2 unseen horrors (D)
  2 death drakes (D)
  A glowing orange brain (D)
  An orange crystal statue (D)
  A harpy (D)
  3 orc sorcerers (D)
  2 slime creatures (D)
  An oklob plant (D)
  2 toenail golems (D)
  3 manticores (D)
  A merfolk siren (D)
  An ice statue (D)
  An eye of devastation (D)
  2 spiny frogs (D)
  A yaktaur (D)
  5 polar bears (D)
  A hornet (D)
  3 hippogriffs (D)
  6 flying skulls (D)
  2 redbacks (D)
  4 neqoxecs (D)
  3 yaks (D)
  A vampire mosquito (D)
  Menkaure (D)
  2 swamp drakes (D)
  2 black bears (D)
  5 necrophages (D)
  3 crocodiles (D)
  2 earth elementals (D)
  9 electric eels (D)
  4 lava snakes (D)
  4 orc priests (D)
  A jelly (D)
  A spectral adder (D)
  3 worms (D)
  A spectral bat (D)
  A ballistomycete (D)
  4 tentacles (D)
130 creatures vanquished.

Vanquished Creatures (collateral kills)
  Gloorx Vloq (D)
  the Lernaean hydra (D)
  A curse toe (D)
  A bone dragon (D)
  A storm dragon (D)
  A vampire knight (D)
  A centaur warrior (D)
  A death yak (D)
  An elephant (D)
  A kobold demonologist (D)
  A black bear (D)
  An iron imp (D)
12 creatures vanquished.

Vanquished Creatures (others)
  2 quicksilver dragons (D)
  A deep elf high priest (D)
  A toenail golem (D)
  2 wyverns (D)
  A golden eye (D)
  A crocodile (D)
  2 ballistomycete spores (D)
  11 tentacles (D)
21 creatures vanquished.

Grand Total: 163 creatures vanquished

Notes
Turn   | Place    | Note
-------+----------+-------------------------------------------
     0 | D        | KingStallion the Gargoyle Berserker began the quest for the Orb.
     0 | D        | Reached XP level 1. HP: 14/14 MP: 1/1
     1 | D        | Noticed a necrophage
     1 | D        | Noticed a necrophage
     1 | D        | Noticed a necrophage
     1 | D        | Noticed a necrophage
     6 | D        | Killed a necrophage
     6 | D        | Reached skill level 6 in Fighting
     6 | D        | Reached skill level 5 in Maces & Flails
     6 | D        | Reached XP level 2. HP: 23/23 MP: 2/2
     6 | D        | Reached XP level 3. HP: 28/28 MP: 3/3
     6 | D        | Reached XP level 4. HP: 32/32 MP: 4/4
    12 | D        | Killed a necrophage
    12 | D        | Reached skill level 7 in Fighting
    12 | D        | Reached XP level 5. HP: 39/39 MP: 5/5
    16 | D        | Killed a necrophage
    16 | D        | Reached ** piety under Trog
    16 | D        | Reached skill level 8 in Fighting
    16 | D        | Reached XP level 6. HP: 45/45 MP: 6/6
    27 | D        | Killed a necrophage
    27 | D        | Reached skill level 9 in Fighting
    27 | D        | Reached skill level 5 in Armour
    27 | D        | Reached skill level 5 in Stealth
   136 | D        | Found Mesoziur's Gadget Shop.
   136 | D        | Found Cusch's Distillery.
   136 | D        | Found Ducs's Gadget Boutique.
   136 | D        | Found Cuiciec's Food Shop.
   137 | D        | Found Idwuklin's Antique Armour Shop.
   137 | D        | Found Varocriu's Antique Armour Boutique.
   137 | D        | Found Jiufae's Armour Shop.
   137 | D        | Found Mesheis's Antique Weapon Boutique.
   138 | D        | Found Liosysa's Jewellery Boutique.
   138 | D        | Found Mutac's Distillery.
   139 | D        | Found Mackiug's Magic Scroll Shop.
   139 | D        | Found Jeitub's Jewellery Boutique.
   139 | D        | Noticed a redback
   140 | D        | Found Arear's Book Boutique.
   140 | D        | Found Potouc's Jewellery Shop.
   140 | D        | Noticed Menkaure
   140 | D        | Noticed a redback
   140 | D        | Noticed an oklob plant
   141 | D        | Found Heiclych's Book Shoppe.
   141 | D        | Found Ucvan's Armour Boutique.
   144 | D        | Noticed a fire dragon
   154 | D        | Killed Menkaure
   154 | D        | Reached skill level 10 in Fighting
   154 | D        | Reached XP level 7. HP: 52/52 MP: 7/7
   162 | D        | Bought a runed mace for 174 gold pieces
   165 | D        | Noticed a hell hog
   200 | D        | Noticed a neqoxec
   200 | D        | Noticed a neqoxec
   200 | D        | Noticed a neqoxec
   200 | D        | Noticed a neqoxec
   206 | D        | Killed a neqoxec
   206 | D        | Reached *** piety under Trog
   206 | D        | Reached skill level 10 in Maces & Flails
   214 | D        | Killed a neqoxec
   217 | D        | Killed a neqoxec
   217 | D        | Reached skill level 11 in Fighting
   217 | D        | Reached XP level 8. HP: 60/60 MP: 8/8
   223 | D        | Gained mutation: Scrolls take you a little longer to read. [a neqoxec]
   225 | D        | Reached **** piety under Trog
   269 | D        | Noticed a merfolk siren
   292 | D        | Killed a merfolk siren
   292 | D        | Reached skill level 12 in Fighting
   319 | D        | Noticed Roxanne
   333 | D        | Found a glowing silver altar of Zin.
   333 | D        | Found a radiant altar of Vehumet.
   334 | D        | Found a glowing golden altar of the Shining One.
   334 | D        | Found a basalt altar of Yredelemnul.
   334 | D        | Found a hide-covered altar of Uskayaw.
   335 | D        | Found a shimmering altar of Xom.
   335 | D        | Found a bloodstained altar of Trog.
   335 | D        | Found a burning altar of Makhleb.
   338 | D        | Found a deep blue altar of Sif Muna.
   338 | D        | Found a corrupted altar of Lugonu.
   339 | D        | Found a sacrificial altar of Ru.
   339 | D        | Found an ancient bone altar of Kikubaaqudgha.
   339 | D        | Found a white marble altar of Elyvilon.
   340 | D        | Found a stormy altar of Qazlal.
   340 | D        | Found a viscous altar of Jiyva.
   340 | D        | Found a shadowy altar of Dithmenos.
   341 | D        | Found a hazy altar of Hepliaklqana.
   341 | D        | Found a snail-covered altar of Cheibriados.
   342 | D        | Found a roughly hewn altar of Beogh.
   343 | D        | Noticed a yaktaur
   343 | D        | Noticed a hornet
   343 | D        | Noticed a polar bear
   344 | D        | Noticed a polar bear
   344 | D        | Noticed a polar bear
   353 | D        | Killed a polar bear
   356 | D        | Killed a polar bear
   356 | D        | Reached ***** piety under Trog
   356 | D        | Reached XP level 9. HP: 58/66 MP: 9/9
   362 | D        | Killed a yaktaur
   369 | D        | Killed a hornet
   374 | D        | Killed a polar bear
   374 | D        | Reached skill level 13 in Fighting
   569 | D        | Noticed a kraken
   591 | D        | Reached skill level 5 in Dodging
  1170 | D        | Killed a kraken
  1170 | D        | Reached skill level 14 in Fighting
  1170 | D        | Reached skill level 15 in Maces & Flails
  1170 | D        | Reached XP level 10. HP: 61/75 MP: 5/10
  1207 | D        | Found a blossoming altar of Fedhas.
  1218 | D        | Received a gift from Trog
  1228 | D        | Noticed a deep troll
  1229 | D        | Noticed a deep troll
  1235 | D        | Killed a deep troll
  1241 | D        | Killed a deep troll
  1387 | D        | Noticed a sphinx
  1387 | D        | Noticed a sphinx
  1401 | D        | Killed a sphinx
  1401 | D        | Reached skill level 15 in Fighting
  1401 | D        | Reached skill level 10 in Armour
  1401 | D        | Reached skill level 10 in Stealth
  1401 | D        | Reached XP level 11. HP: 50/81 MP: 5/11
  1406 | D        | Killed a sphinx
  1406 | D        | Received a gift from Trog
  1451 | D        | Found an opulent altar of Gozag.
  1622 | D        | Noticed a hell hog
  1624 | D        | Bought the +0 mask of the Dragon {MR+ Slay+3 SInv} for 801 gold pieces
  1653 | D        | Bought a bread ration for 60 gold pieces
  1674 | D        | Noticed Kirke
  1674 | D        | Noticed a skeletal warrior
  1674 | D        | Noticed a yaktaur captain
  1700 | D        | Killed a yaktaur captain
  1703 | D        | Noticed a harpy
  1703 | D        | Noticed a harpy
  1708 | D        | Killed Kirke
  1708 | D        | Reached skill level 16 in Fighting
  1711 | D        | Killed a skeletal warrior
  1711 | D        | Received a gift from Trog
  1727 | D        | Noticed a centaur warrior
  1729 | D        | Killed a centaur warrior
  1792 | D        | Received a gift from Trog
  1793 | D        | Noticed an iron elemental
  1809 | D        | Killed an iron elemental
  1875 | D        | Received a gift from Trog
  1877 | D        | Reached skill level 5 in Staves
  1877 | D        | Reached XP level 12. HP: 90/90 MP: 12/12
  1904 | D        | Found Foejurao's Assorted Antiques.
  1904 | D        | Found Punlaluz's Assorted Antiques.
  1904 | D        | Found Mefrialu's Assorted Antiques.
  1904 | D        | Found Qeemupnu's Book Shoppe.
  1904 | D        | Found Gesoer's Antique Armour Boutique.
  1905 | D        | Found Miekleul's Magic Scroll Shoppe.
  1905 | D        | Found Alyi's Distillery.
  1905 | D        | Found Casis's Gadget Emporium.
  1905 | D        | Found Sazeq's Book Shop.
  1905 | D        | Found Nanew's Magic Scroll Emporium.
  1905 | D        | Found Gaonn's Gadget Shop.
  1905 | D        | Found Qetamiy's Distillery.
  1910 | D        | Bought a tourmaline ring for 135 gold pieces
  1915 | D        | Bought a potion of curing for 36 gold pieces
  1915 | D        | Bought a potion of heal wounds for 60 gold pieces
  1962 | D        | Found a sparkling altar of Nemelex Xobeh.
  1963 | D        | Found an iron altar of Okawaru.
  2159 | D        | Killed Roxanne
  2159 | D        | Reached skill level 1 in Throwing
  2159 | D        | Reached skill level 1 in Unarmed Combat
  2159 | D        | Reached skill level 1 in Evocations
  2167 | D        | Found Vaachonisa's Gadget Boutique.
  2261 | D        | Found Taank's Book Shoppe.
  2293 | D        | Found Efrunt's Assorted Antiques.
  2294 | D        | Found Ugetod's Antique Weapon Shop.
  2295 | D        | Noticed Nessos
  2297 | D        | Killed Nessos
  2297 | D        | Received a gift from Trog
  2314 | D        | Bought a potion of heal wounds for 120 gold pieces
  2347 | D        | Reached skill level 17 in Fighting
  2352 | D        | Reached ****** piety under Trog
  2354 | D        | Received a gift from Trog
  2384 | D        | Noticed Gastronok
  2392 | D        | Killed Gastronok
  2392 | D        | Received a gift from Trog
  2397 | D        | Noticed a dire elephant
  2399 | D        | Noticed a soul eater
  2404 | D        | Killed a dire elephant
  2407 | D        | Received a gift from Trog
  2407 | D        | Reached skill level 5 in Shields
  2412 | D        | Received a gift from Trog
  2479 | D        | Identified the Papyrus of Dusty Fire
  2525 | D        | Lost mutation: Scrolls take you a little longer to read. [potion of mutation]
  2525 | D        | Gained mutation: You are resistant to hostile enchantments. (MR+) [potion of mutation]
  2525 | D        | Gained mutation: You are highly resistant to hostile enchantments. (MR++) [potion of mutation]
  2525 | D        | Gained mutation: Your mind is acute. (Int +2) [potion of mutation]
  2665 | D        | Noticed a hellephant
  2666 | D        | Noticed a white draconian shifter
  2692 | D        | Killed a hellephant
  2692 | D        | Reached skill level 5 in Unarmed Combat
  2692 | D        | Reached XP level 13. HP: 40/97 MP: 5/16
  2753 | D        | Noticed Sonja
  2762 | D        | Killed Sonja
  2772 | D        | Killed a white draconian shifter
  2772 | D        | Received a gift from Trog
  2772 | D        | Reached skill level 18 in Fighting
  2772 | D        | Reached skill level 5 in Throwing
  2772 | D        | Reached skill level 5 in Evocations
  2864 | D        | Noticed a deep elf blademaster
  2882 | D        | Killed a deep elf blademaster
  2882 | D        | Received a gift from Trog
  2882 | D        | Reached skill level 15 in Armour
  2915 | D        | Received a gift from Trog
  2953 | D        | Received a gift from Trog
  3021 | D        | Noticed a crystal guardian
  3031 | D        | Killed a crystal guardian
  3047 | D        | Received a gift from Trog
  3101 | D        | Noticed a deep elf master archer
  3104 | D        | Noticed a great orb of eyes
  3109 | D        | Killed a great orb of eyes
  3109 | D        | Received a gift from Trog
  3227 | D        | Killed a deep elf master archer
  3270 | D        | Noticed an ice dragon
  3276 | D        | Received a gift from Trog
  3278 | D        | Received a gift from Trog
  3288 | D        | Reached skill level 19 in Fighting
  3296 | D        | Received a gift from Trog
  3299 | D        | Killed an ice dragon
  3299 | D        | Gained mutation: Your large and strong wings let you fly indefinitely. [Gargoyle growth]
  3299 | D        | Reached XP level 14. HP: 45/106 MP: 6/19
  3508 | D        | Noticed an electric golem
  3524 | D        | Killed an electric golem
  3524 | D        | Reached skill level 10 in Unarmed Combat
  3532 | D        | Received a gift from Trog
  3700 | D        | Identified Aqanaeb's Grimoire of Arcane Weapons
  3784 | D        | Reached skill level 15 in Stealth
  3802 | D        | Noticed an orc warlord
  3806 | D        | Noticed the 27-headed Lernaean hydra
  3819 | D        | Received a gift from Trog
  3879 | D        | Killed an orc warlord
  3879 | D        | Received a gift from Trog
  3879 | D        | Reached skill level 10 in Staves
  3893 | D        | Received a gift from Trog
  3911 | D        | Killed the 27-headed Lernaean hydra
  3920 | D        | Found Zute's Magic Scroll Shoppe.
  3929 | D        | Received a gift from Trog
  3942 | D        | Identified the Reference Book on the Snowflakes
  3974 | D        | Got a brightly glowing copper ring
  4055 | D        | Noticed a cacodemon
  4056 | D        | Noticed a bone dragon
  4067 | D        | Noticed a storm dragon
  4067 | D        | Noticed a golden dragon
  4074 | D        | Noticed a frost giant
  4077 | D        | Killed a golden dragon
  4081 | D        | Killed a storm dragon
  4082 | D        | Killed a cacodemon
  4082 | D        | Received a gift from Trog
  4082 | D        | Reached skill level 20 in Fighting
  4087 | D        | Killed a bone dragon
  4092 | D        | Killed a frost giant
  4156 | D        | Received a gift from Trog
  4359 | D        | Noticed a golden dragon
  4364 | D        | Killed a golden dragon
  4370 | D        | Found Jemew's Jewellery Boutique.
  4370 | D        | Found Keuwuh's Antique Weapon Shoppe.
  4370 | D        | Found Amnom's Gadget Shop.
  4370 | D        | Found Huosar's Jewellery Boutique.
  4370 | D        | Noticed a storm dragon
  4379 | D        | Killed a storm dragon
  4379 | D        | Reached XP level 15. HP: 100/113 MP: 17/22
  4495 | D        | Identified 7 scrolls of acquirement
  4502 | D        | Got a smoking steel ring
  4504 | D        | Identified the ring of the Empire {Dex+3 SInv} (You acquired it in the Dungeon)
  4506 | D        | Identified the ring of Xom's Supremacy {rC- Int+2 Dex+7} (You took it off an orc priest in the Dungeon)
  4639 | D        | Noticed a greater mummy
  4639 | D        | Noticed a curse toe
  4639 | D        | Noticed Gloorx Vloq
  4641 | D        | Noticed an Executioner
  4641 | D        | Noticed an Executioner
  4647 | D        | Noticed an emperor scorpion
  4659 | D        | Noticed an Executioner
  4659 | D        | Noticed an Executioner
  4659 | D        | Noticed an Executioner
  4659 | D        | Killed Gloorx Vloq
  4659 | D        | Reached skill level 10 in Throwing
  4667 | D        | Killed a curse toe
  4667 | D        | Reached skill level 10 in Evocations
  4670 | D        | Received a gift from Trog
  4670 | D        | Reached skill level 21 in Fighting
  4698 | D        | Noticed an emperor scorpion
  4876 | D        | Noticed a quicksilver dragon
  4876 | D        | Noticed a quicksilver dragon
  4906 | D        | Banished a quicksilver dragon
  5032 | D        | Noticed a quicksilver dragon
  5034 | D        | Banished a quicksilver dragon
  5096 | D        | Noticed Murray
  5125 | D        | Got the Orb of Zot
  5133 | D        | Noticed an emperor scorpion
  5133 | D        | Noticed an emperor scorpion
  5134 | D        | Noticed an emperor scorpion
  5134 | D        | Noticed an emperor scorpion
  5134 | D        | Noticed an emperor scorpion
  5149 | D        | HP: 6/172 [emperor scorpion[a greater mummy] (6)]
  5150 | D        | Killed a greater mummy
  5153 | D        | Slain by a hell beast

Skill      XL: |  1  2  3  4  5  6  7  8  9 10 11 12 13 14 15 |
---------------+----------------------------------------------+-----
Fighting       | 6 7 8 10 11 12 14 15 16 17 19 20 21 | 21.5
Maces & Flails | 5 7 8 9 10 12 15 16 17 18 19 | 19.2
Armour         | 3 4 5 6 7 8 10 13 14 15 17 19 | 19.5
Dodging        | 2 3 4 5 6 |  6.7
Stealth        | 2 3 4 5 6 7 9 10 12 13 14 16 17 | 17.2
Staves         | 5 9 12 14 | 14.3
Throwing       | 4 7 9 10 | 10.8
Shields        | 5 |  5.2
Unarmed Combat | 5 9 12 14 | 14.1
Evocations     | 4 7 9 10 | 10.6

Action                   |  1- 3 |  4- 6 |  7- 9 | 10-12 | 13-15 || total
-------------------------+-------+-------+-------+-------+-------++-------
Melee: Mace              |     4 |    22 |   105 |    33 |       ||   164
       Lajatang          |       |       |       |    73 |   196 ||   269
       Great mace        |       |       |       |    47 |   160 ||   207
 Fire: Blowgun           |       |       |       |       |     1 ||     1
Invok: Berserk           |     1 |     1 |     4 |     9 |     4 ||    19
       Trog's Hand       |       |     1 |     6 |    13 |    14 ||    34
       Brothers in Arms  |       |       |       |     2 |    10 ||    12
 Abil: Evoke Flight      |       |       |       |     1 |     2 ||     3
       Fly               |       |       |       |       |     1 ||     1
Evoke: Lightning rod     |       |       |       |       |     4 ||     4
       Wand              |       |       |       |       |     2 ||     2
  Use: Potion            |       |       |       |     9 |     7 ||    16
       Scroll            |       |       |       |     6 |     4 ||    10
 Stab: Sleeping          |       |       |     1 |       |       ||     1
       Distracted        |       |       |       |       |     1 ||     1
  Eat: Bread ration      |       |       |     2 |       |     3 ||     5
       Chunk             |       |       |     2 |     8 |     1 ||    11
       Royal jelly       |       |       |       |     2 |     1 ||     3
       Meat ration       |       |       |       |     1 |     1 ||     2
       Fruit             |       |       |       |       |     2 ||     2
Armor: Animal skin       |       |     2 |    15 |       |       ||    17
       Plate armour      |       |       |     8 |   100 |       ||   108
       Crystal plate arm |       |       |       |    14 |   425 ||   439
Dodge: Dodged            |     1 |    13 |    39 |    63 |   239 ||   355
Block: Buckler           |       |       |     2 |     1 |       ||     3
